 Dungeon Crawl Stone Soup version 0.32-a0-791-gfc315c9ecd (webtiles) character file.

Game seed: 11645589523753576843

37 Descartes the Trooper (level 3, -1/29 HPs)
             Began as a Formicid Chaos Knight on Mar 20, 2024.
             Was a Plaything of Xom.
             Killed from afar by a white imp (9 damage)
             ... with a puff of frost
             ... summoned by Xom
             ... on level 2 of the Dungeon.
             The game lasted 00:01:43 (1119 turns).

Descartes the Trooper (Formicid Chaos Knight)       Turns: 1119, Time: 00:01:44

Health: -1/29      AC:  5    Str: 18    XL:     3   Next: 60%
Magic:  3/3        EV: 10    Int: 11    God:    Xom [.....*]
Gold:   111        SH:  0    Dex: 13    Spells: 2/2 levels left

rFire   . . .        a - +0 hand axe (chaos)
rCold   . . .        (no shield)
rNeg    . . .        b - +2 leather armour
rPois   .            (helmet unavailable)
rElec   .            (no cloak)
rCorr   .            (no gloves)
SInv    +            (no boots)
Will    .....        (no amulet)
Stlth   +            (no ring)
HPRegen 0.24/turn    (no ring)
MPRegen 0.08/turn

%: no passive effects
@: no status effects
A: permanent stasis, dig shafts and tunnels, antennae 3, four strong arms
a: Dig, Shaft Self, Renounce Religion


You were on level 2 of the Dungeon.
You worshipped Xom.
You were Xom's teddy bear.
You visited 1 branch of the dungeon, and saw 2 of its levels.

You collected 111 gold pieces.

Inventory:

Hand Weapons
 a - a +0 hand axe of chaos (weapon)
Armour
 b - a +2 leather armour (worn)
 d - a +0 chain mail
Jewellery
 k - a ring of flight
Scrolls
 c - a scroll of butterflies
 f - 2 scrolls of immolation {unknown}
 g - a scroll of vulnerability {unknown}
 h - a scroll of poison {unknown}
 i - a scroll of fog {unknown}
 j - a scroll of silence {unknown}
 l - a scroll of blinking {unknown}
Potions
 e - 2 potions of magic {unknown}
 m - a potion of invisibility {unknown}
 n - a potion of ambrosia {unknown}


   Skills:
 + Level 3.5 Fighting
 + Level 3.2 Axes
 * Level 3.0 Armour
 * Level 1.7 Dodging


You had 2 spell levels left.
You didn't know any spells.
Your spell library was empty.

Dungeon Overview and Level Annotations

Branches:
Dungeon (2/15)

Altars:


Innate Abilities, Weirdness & Mutations

You cannot be hasted, slowed, berserked, paralysed or teleported.
You can dig through walls and to a lower floor.
You have a pair of large antennae on your head. (SInv)
Your four strong arms can wield two-handed weapons with a shield.


Message History

You kill the ball python!
You closely miss the white imp. The white imp hits you.
The white imp freezes you.
You barely miss the white imp.
The white imp hits you but does no damage.
You hit the white imp.
The white imp is lightly wounded.
The white imp shouts, "Submit, thou yeasty tardy-gaited tinkerer!"
The white imp closely misses you.
You hit the white imp. You burn the white imp.
The white imp is moderately wounded.
The white imp closely misses you.
You hit the white imp but do no damage.
The white imp is moderately wounded.
The white imp summons a swarm of flies.
The white imp gestures at you. The puff of frost hits you.
The white imp misses you.
You hit the white imp.
The white imp is severely wounded.
The white imp gestures at you. The puff of frost hits you!
* * * LOW HITPOINT WARNING * * *
A shower of butterflies erupts from you!
You are too injured to fight recklessly!
You are too injured to fight recklessly!
You are too injured to fight recklessly!
You are too injured to fight recklessly!
You are too injured to fight recklessly!
You are too injured to fight recklessly!
You are too injured to fight recklessly!
You are too injured to fight recklessly!
You are too injured to fight recklessly!
Unknown command.
You hit the white imp but do no damage.
The white imp is severely wounded.
The white imp shouts, "Scamper hence, thou puny ill-breeding giglet!"
The white imp gestures at you. The puff of frost hits you!
You die... "What!?
That's it?"

# .. . ..# ##. ## #.#
#.##.## ## #. ..#
b.....##.# ..#
#..#....#..# #..
#..#b5..#..# { ..# ..
#.@....# ##.# .##
##b##.## #..# #.. ##b.#
#..## ##..## ##..##
.##.####.##.# ##)##.## ##
.)...##......##......##.#
....#..#....#..#....#..#
....#..#....#..#....#..#
.....##......##......##..


You could see a white imp (summoned, ally target).

Vanquished Creatures
  An adder (D:2)
  3 bats
  An endoplasm (D:1)
  3 giant cockroaches (D:1)
  2 goblins (D:1)
  4 hobgoblins (D:1)
  2 jackals (D:1)
  A quokka (D:2)
  2 ball pythons
  A frilled lizard (D:1)
  A kobold (D:1)
  4 rats
25 creatures vanquished.

Notes
Turn   | Place    | Note
-------+----------+-------------------------------------------
     0 | D:1      | Descartes the Formicid Chaos Knight began the quest for the
                  | Orb.
     0 | D:1      | Reached XP level 1. HP: 18/18 MP: 1/1
    20 | D:1      | Reached skill level 1 in Dodging
   110 | D:1      | Reached XP level 2. HP: 17/24 MP: 2/2
   323 | D:1      | XOM: silly message
   453 | D:1      | XOM: cloud trail
   738 | D:1      | Reached XP level 3. HP: 29/29 MP: 3/3
   843 | D:1      | XOM: scenery: summon butterflies
   924 | D:2      | Found a faded altar of an unknown god.
   956 | D:2      | XOM is BORED!
  1078 | D:2      | XOM: god gift: black potion {god gift}
  1110 | D:2      | XOM: summons 1 hostile demon
  1118 | D:2      | XOM: butterfly on damage
  1119 | D:2      | Killed from afar by a white imp

Illustrated notes

Levels and vault maps discovered:
D:1:      lightli_arrival_flooded_house, layout_basic
D:2:      layout_loops_corners, nicolae_ecumenical_lake_church,
          nicolae_houndstooth_variations

Skill      XL: |  1  2  3 |
---------------+----------+-----
Dodging        | 1 |  1.7
Armour         | 3 |  3.0
Fighting       | |  3.5
Axes           | |  3.2

Action                     || total
---------------------------++-------
  Melee: Hand axe          ||    79
   Stab: Sleeping          ||     2
 Armour: Leather armour    ||    58
  Dodge: Dodged            ||    64

Table legend: (Time is in decaauts)
 A = Elapsed time spent in this place.
 B = Non-inter-level travel time spent in this place.
 C = Inter-level travel time spent in this place.
 D = Time resting spent in this place.
 E = Time spent auto-exploring this place.
 F = Levels seen in this place.
 G = Mean time per level.
                   A        B        C        D        E       F      G
               +--------+--------+--------+--------+--------+-----+--------+
         Total |   1131 |   1090 |     41 |      0 |    873 |   2 |  565.5 |
       Dungeon |   1131 |   1090 |     41 |      0 |    873 |   2 |  565.5 |
               +--------+--------+--------+--------+--------+-----+--------+

Top non-repeatable levels by time:
     D:1: 883 daAuts
     D:2: 247 daAuts
